 Dungeon Crawl Stone Soup version bcrawl-1.41.1 (webtiles) character file.

Game seed: 3581691980918830979

280429 frankiepal the Sneak (level 6, -1/67 HPs)
             Began as an Ent Archaeologist on Apr 16, 2024.
             Killed by divine providence
             ... invoked by an orc priest
              (10 damage)
             ... on level 3 of the Dungeon.
             The game lasted 00:12:15 (1654 turns).

frankiepal the Sneak (Ent Archaeologist)            Turns: 1654, Time: 00:12:15

Health: -1/67      AC: 14    Str: 20    XL:     6   Next: 31%
Magic:  6/6        EV: 10    Int: 15    God:
Gold:   131        SH:  0    Dex:  8    Spells: 5/5 levels left

rFire    . . .     GDR:     29% a - +0 whip
rCold    . . .     SeeInvis .   (no shield)
rNeg     + + +     Gourm    .   (armour unavailable)
rPois    +         Faith    .   c - +1 hat
rElec    .         Spirit   .   (no cloak)
rCorr    .         Reflect  .   (gloves unavailable)
MR       .....                  (boots unavailable)
Stlth    ++........             (no amulet)
HPRegen  0.21/turn              (no ring)
MPRegen  0.10/turn              (no ring)

@: very slow
A: large, slow actions, passwall, strong branches, negative energy resistance 3,
poison resistance, slow metabolism 1, torment resistance, unbreathing, AC +13
a: Passwall


You were on level 3 of the Dungeon.
You were hungry.

You visited 1 branch of the dungeon, and saw 3 of its levels.

You collected 131 gold pieces.

Inventory:

Hand Weapons
 a - a +0 whip (weapon)
 b - a +0 blowgun
 q - a +2 dagger of venom
Missiles
 h - 51 poisoned needles (quivered)
Armour
 c - a +1 hat (worn)
 i - a +0 ring mail
 k - a +0 chain mail
Wands
 s - a wand of polymorph (3)
Scrolls
 f - a scroll of acquirement
 g - a scroll of revelation
 m - 3 scrolls of remove curse {unknown}
 o - a scroll of blinking {unknown}
Potions
 d - a potion of flight {unknown}
 j - a potion of curing {unknown}
 l - 2 potions of lignification {unknown}
 n - a potion of agility
 p - a potion of heal wounds {unknown}
 r - a potion of brilliance {unknown}
Comestibles
 e - 4 rations {!d}


   Skills:
 + Level 4.0 Fighting
 + Level 4.4 Maces & Flails
 + Level 3.7 Dodging
 + Level 4.8 Stealth


You had 5 spell levels left.
You didn't know any spells.
Your spell library was empty.

Dungeon Overview and Level Annotations

Branches:
Dungeon (3/12)

Altars:
Ru
Sif Muna

Annotations:
D:3 Robin


Innate Abilities, Weirdness & Mutations

You move and act slowly.
You can pass through walls and trees.
Your branches can wield two-handed weapons with a shield.
Your thick bark is tough. (AC +13)
You are too large for most types of armour.
You are immune to negative energy. (rN+++)
Your system is resistant to poisons. (rPois)
You have a slow metabolism.
You are immune to unholy pain and torment.
You can survive without breathing.


Message History

You are feeling hungry.
You closely miss the goblin. The goblin hits you but does no damage.
The goblin barely misses you.
The hobgoblin hits you but does no damage.
The goblin hits you but does no damage. The goblin closely misses you.
You closely miss the goblin. The goblin closely misses you.
The goblin hits you but does no damage.
The hobgoblin hits you but does no damage.
The goblin barely misses you. x2; The goblin hits you.
* * * LOW HITPOINT WARNING * * *
The goblin hits you with a +0 dagger.
* * * LOW HITPOINT WARNING * * *
The goblin hits you but does no damage.
You hit the goblin.
You kill the goblin!
The goblin hits you but does no damage. The hobgoblin hits you with a +0 club!
* * * LOW HITPOINT WARNING * * *
The orc priest invokes the aid of Beogh against you.
Beogh smites you!
You die...

########### ...
##.........# ...
...........# #.#
##.........## #.#
#....#......# #.#
###'........# #o# .
...#..#.....####g###....
...#........>..)@gggo...
...#........#..gg###....
.###.............# .
...#...#######......
...#...# #....#..
...#..## #........
###'..## #........
...รท)..# #......)
....)..#####


You could see an orc wizard, an orc priest, 2 hobgoblins and 4 goblins.

Vanquished Creatures
  Sigmund (D:2)
  An orc wizard (D:3)
  Ijyb (D:3)
  Terence (D:2)
  A worker ant (D:1)
  3 adders
  An ooze (D:2)
  3 worms
  3 leopard geckos
  An orc (D:3)
  2 ball pythons (D:2)
  6 bats
  9 goblins
  5 hobgoblins
  3 jackals
  6 kobolds
  2 quokkas (D:3)
  5 frilled lizards
  2 rats (D:1)
56 creatures vanquished.

Notes
Turn   | Place    | Note
-------+----------+-------------------------------------------
     0 | D:1      | frankiepal the Ent Archaeologist began the quest for the
                  | Orb.
     0 | D:1      | Reached XP level 1. HP: 21/21 MP: 1/1
   150 | D:1      | Reached XP level 2. HP: 29/29 MP: 2/2
   363 | D:1      | Reached XP level 3. HP: 36/36 MP: 3/3
   586 | D:2      | Noticed Sigmund
   604 | D:2      | Killed Sigmund
   605 | D:2      | Reached XP level 4. HP: 41/49 MP: 4/4
   605 | D:2      | Reached XP level 5. HP: 48/57 MP: 5/5
   605 | D:2      | Identified a scroll of acquirement
  1039 | D:2      | Noticed Terence
  1095 | D:2      | Killed Terence
  1331 | D:2      | Found a shimmering blue altar of Sif Muna.
  1398 | D:3      | Reached XP level 6. HP: 65/67 MP: 6/6
  1411 | D:3      | Noticed Ijyb
  1442 | D:3      | Killed Ijyb
  1448 | D:3      | Found a sacrificial altar of Ru.
  1637 | D:3      | Noticed Robin
  1654 | D:3      | Killed from afar by an orc priest

Skill      XL: |  1  2  3  4  5  6 |
---------------+-------------------+-----
Stealth        | 4 |  4.8
Dodging        | 3 |  3.7
Maces & Flails | 3 4 |  4.4
Fighting       | 3 4 |  4.0

Action                   |  1- 3 |  4- 6 || total
-------------------------+-------+-------++-------
Melee: Whip              |    73 |   150 ||   223
 Fire: Blowgun           |    21 |    13 ||    34
 Stab: Sleeping          |     1 |     4 ||     5
       Paralysed         |       |     2 ||     2
  Eat: Chunk             |     2 |     7 ||     9
Armor: Skin              |    40 |   124 ||   164
Dodge: Dodged            |    59 |   116 ||   175
